 Dungeon Crawl Stone Soup version 0.30-a0-862-g1aabd4f9c5 (webtiles) character file.

Game seed: 16810240657057090541

675 Newt the Cutter (level 7, -2/55 HPs)
             Began as a Demonspawn Gladiator on Mar 8, 2023.
             Slain by a gnoll
             ... wielding a +0 spear
             ... led by a gnoll bouda
              (6 damage)
             ... on level 4 of the Dungeon.
             The game lasted 00:03:23 (3249 turns).

Newt the Cutter (Demonspawn Gladiator)              Turns: 3249, Time: 00:03:24

Health: -2/55      AC:  7    Str: 17    XL:     7   Next: 33%
Magic:  7/7        EV: 11    Int:  9    God:
Gold:   109        SH:  0    Dex: 14    Spells: 6/6 levels left

rFire   . . .      SeeInvis +    a - +1 rapier (freeze)
rCold   . . .      Faith    .    (no shield)
rNeg    . . .      Spirit   .    t - +1 scale mail of Naiwum {Slay+3}
rPois   .          Reflect  .    (helmet restricted)
rElec   .          Rampage  .    (no cloak)
rCorr   .                        (no gloves)
Will    +....                    (no boots) Stlth
                                 (no amulet)
HPRegen 0.29/turn                g - ring of see invisible
MPRegen 0.10/turn                l - ring of willpower

@: on berserk cooldown, hasted and slowed
A: claws 1, horns 2, foul stench 2
a: no special abilities


You were on level 4 of the Dungeon.
You visited 1 branch of the dungeon, and saw 4 of its levels.

You collected 109 gold pieces.

Inventory:

Hand Weapons
 a - a +1 rapier of freezing (weapon)
 n - a +3 dagger of venom
 s - the +4 sling of Ashenzari's Favour {drain, rN+ Int+3 Dex+2}
   (You took it off an orc on level 3 of the Dungeon)

   Int:       It affects your intelligence (+3).
   Dex:       It affects your dexterity (+2).
   rN:        It protects you from negative energy.
Missiles
 d - 3 throwing nets (quivered)
 e - a javelin
 r - 6 atropa-tipped darts
 v - 3 poisoned darts
Armour
 b - a +0 leather armour
 c - a +0 helmet
 i - the +10 plate armour of Slovenliness {rN+ Will++}
   (You found it on level 2 of the Dungeon)

   rN:        It protects you from negative energy.
   Will:      It greatly increases your willpower.
 t - the +1 scale mail of Naiwum (worn) {Slay+3}
   (You took it off an orc on level 3 of the Dungeon)

   Slay:      It affects your accuracy & damage with ranged weapons and melee
   (+3).
Jewellery
 g - a ring of see invisible (left claw)
 l - a ring of willpower (right claw)
 x - a +6 ring of intelligence
Scrolls
 j - a scroll of teleportation
 w - a scroll of fear {unknown}
Potions
 h - a potion of berserk rage
 k - 2 potions of ambrosia {unknown}
 m - a potion of curing {unknown}
 o - 2 potions of flight {unknown}
 p - a potion of brilliance {unknown}
 q - 2 potions of lignification {unknown}
 u - a potion of magic {unknown}


   Skills:
 + Level 4.4 Fighting
 + Level 4.5 Short Blades
 + Level 4.0 Throwing
 + Level 4.5 Dodging


You had 6 spell levels left.
You didn't know any spells.
Your spell library was empty.

Dungeon Overview and Level Annotations

Branches:
Dungeon (4/15)             Temple (0/1) D:4

Altars:
Nemelex Xobeh

Shops:
D:3 (   D:4 *


Innate Abilities, Weirdness & Mutations

You have sharp fingernails.
You have a pair of horns on your head.
You sometimes emit foul miasma when damaged in melee.


Message History

Menkaure calls on the powers of darkness!
The gnoll convulses!
Your body is wracked with pain!
The gnoll convulses!
The gnoll bouda convulses!
The gnoll convulses!
The gnoll closely misses you.
You feel yourself speed up.
The gnoll hits you from afar with a +0 spear.
* * * LOW HITPOINT WARNING * * *
Menkaure barely misses you.
It was a potion of berserk rage.
A red film seems to cover your vision as you go berserk!
You feel yourself moving faster!
You feel mighty! The gnoll barely misses you.
Unknown command.
Your +1 rapier of freezing glows with a cold blue light!
a - a +1 rapier of freezing (weapon)
You feel a strong urge to attack something.
Unknown command.
You puncture Menkaure! You freeze Menkaure.
Menkaure is severely damaged.
Menkaure hits you!
* * * LOW HITPOINT WARNING * * *
The gnoll hits you from afar with a +0 spear.
* * * LOW HITPOINT WARNING * * *
You hit Menkaure. You freeze Menkaure. You headbutt Menkaure.
You destroy Menkaure!
Your Throwing skill increases to level 4!
You puncture the gnoll! You freeze the gnoll.
You kill the gnoll!
The gnoll hits you from afar with a +0 spear.
* * * LOW HITPOINT WARNING * * *
The gnoll barely misses you.
You feel a strong urge to attack something.
You are no longer berserk.
You are exhausted.
You feel yourself slow down.
The gnoll hits you from afar with a +0 spear.
* * * LOW HITPOINT WARNING * * *
You hit the gnoll bouda but do no damage.
The gnoll bouda is heavily wounded.
The gnoll bouda hits you but does no damage.
The gnoll hits you from afar with a +0 spear.
You die...

♣.♣..##.#
.>......#
♣.♣.###.#
##########
##.###.........
##...#.#.######
#.####.....###.##
#.........## ##.#
########.#.###.##
#@##.#.##
#g###.## #g# ###
.g. ..... .......
.........
+.........+
#.........#


You could see a gnoll bouda (very drained) and 2 gnolls.

Vanquished Creatures
  Grinder (D:4)
  The ghost of muata the Insei, an amateur GnTm (D:3)
  Menkaure (D:4)
  2 hounds (D:4)
  An iguana (D:4)
  Natasha (D:4)
  2 gnolls
  2 adders (D:3)
  A worm (D:2)
  2 dart slugs
  11 orcs (D:3)
  3 endoplasms
  3 giant cockroaches
  6 goblins
  7 hobgoblins
  10 jackals
  2 quokkas (D:3)
  4 ball pythons
  3 bats
  5 frilled lizards
  5 kobolds
  6 rats
79 creatures vanquished.

Notes
Turn   | Place    | Note
-------+----------+-------------------------------------------
     0 | D:1      | Newt the Demonspawn Gladiator began the quest for the Orb.
     0 | D:1      | Reached XP level 1. HP: 16/16 MP: 1/1
   166 | D:1      | Gained mutation: You may rarely emit foul miasma when
                  | damaged in melee. [demonic ancestry]
   166 | D:1      | Reached XP level 2. HP: 18/22 MP: 2/2
   579 | D:1      | Gained mutation: You sometimes emit foul miasma when
                  | damaged in melee. [demonic ancestry]
   579 | D:1      | Reached XP level 3. HP: 23/28 MP: 3/3
  1048 | D:2      | Identified the +10 plate armour of Slovenliness {rN+
                  | Will++}
  1905 | D:3      | Discovered your monstrous ancestry.
  1905 | D:3      | Gained mutation: You have a pair of small horns on your
                  | head. [demonic ancestry]
  1905 | D:3      | Reached XP level 4. HP: 34/34 MP: 4/4
  1928 | D:3      | Found Duthere's Antique Weapon Shop.
  2101 | D:3      | Found a runed translucent gate.
  2101 | D:3      | Found a runed translucent gate.
  2101 | D:3      | Identified the +4 sling of Ashenzari's Favour {drain, rN+
                  | Int+3 Dex+2}
  2101 | D:3      | Identified the +1 scale mail of Naiwum {Slay+3}
  2102 | D:3      | Found a runed translucent gate.
  2102 | D:3      | Noticed muata's ghost (amateur GnTm)
  2155 | D:3      | Killed muata's ghost
  2156 | D:3      | Reached XP level 5. HP: 28/41 MP: 5/5
  2636 | D:4      | Found a sparkling altar of Nemelex Xobeh.
  2747 | D:4      | Gained mutation: You have sharp fingernails. [demonic
                  | ancestry]
  2747 | D:4      | Reached XP level 6. HP: 47/47 MP: 6/6
  2860 | D:4      | Found Efaqupre's Assorted Antiques.
  2862 | D:4      | Noticed Natasha
  2863 | D:4      | Killed Natasha
  2865 | D:4      | Noticed Grinder
  2879 | D:4      | Killed Grinder
  2880 | D:4      | Gained mutation: You have a pair of horns on your head.
                  | [demonic ancestry]
  2880 | D:4      | Reached XP level 7. HP: 32/54 MP: 7/7
  3208 | D:4      | Found a staircase to the Ecumenical Temple.
  3236 | D:4      | Noticed Menkaure
  3244 | D:4      | Killed Menkaure
  3249 | D:4      | Slain by a gnoll

Illustrated notes

Levels and vault maps discovered:
D:1:      wheals_arrival_linesprint, layout_basic, minmay_misc_feat_tiny
D:2:      layout_loops_ring
D:3:      layout_loops_ring, serial_shops, nicolae_shop_stone,
          biasface_ghost_orc_armoury
D:4:      layout_loops_corners, mainiacjoe_overflow_concentric_impassable,
          minmay_temple_entry_trees, serial_shops, nicolae_stop_n_shop_1,
          corexii_item_surrounded_by_moat, minmay_misc_feat_ornament,
          uniq_natasha, uniq_grinder, uniq_menkaure

Skill      XL: |  1  2  3  4  5  6  7 |
---------------+----------------------+-----
Throwing       | 2 3 4 |  4.0
Short Blades   | 3 4 |  4.5
Dodging        | 3 4 |  4.5
Fighting       | 3 4 |  4.4

Action                     |  1- 3 |  4- 6 |  7- 9 || total
---------------------------+-------+-------+-------++-------
  Melee: Rapier            |   124 |       |     4 ||   128
         Dagger            |    20 |    69 |       ||    89
         Punch             |     1 |       |       ||     1
         Headbutt          |       |    17 |     1 ||    18
   Fire: Sling             |       |    24 |     9 ||    33
  Throw: Throwing net      |     1 |       |       ||     1
    Use: Scroll            |     6 |     3 |       ||     9
         Potion            |       |     1 |     2 ||     3
   Stab: Sleeping          |     1 |       |       ||     1
 Armour: Leather armour    |    23 |       |       ||    23
         Plate armour      |    56 |    50 |       ||   106
         Scale mail        |       |     1 |     4 ||     5
  Dodge: Dodged            |    51 |    34 |     6 ||    91

Table legend: (Time is in decaauts)
 A = Elapsed time spent in this place.
 B = Non-inter-level travel time spent in this place.
 C = Inter-level travel time spent in this place.
 D = Time resting spent in this place.
 E = Time spent auto-exploring this place.
 F = Levels seen in this place.
 G = Mean time per level.
                   A        B        C        D        E       F      G
               +--------+--------+--------+--------+--------+-----+--------+
         Total |   3238 |   3029 |    209 |    143 |   2340 |   4 |  809.5 |
       Dungeon |   3238 |   3029 |    209 |    143 |   2340 |   4 |  809.5 |
               +--------+--------+--------+--------+--------+-----+--------+

Top non-repeatable levels by time:
     D:3: 982 daAuts
     D:1: 892 daAuts
     D:2: 711 daAuts
     D:4: 652 daAuts
